 Dungeon Crawl Stone Soup version 0.30-a0-365-ge7f957f1db (webtiles) character file.

Game seed: 349412672939744676

129 ketsa the Cudgeller (level 4, -1/41 HPs)
             Began as a Minotaur Berserker on Nov 16, 2022.
             Was a Priest of Trog.
             Engulfed by a steam dragon's steam (8 damage)
             ... on level 4 of the Dungeon.
             The game lasted 00:07:25 (2841 turns).

ketsa the Cudgeller (Minotaur Berserker)            Turns: 2841, Time: 00:07:26

Health: -1/41      AC:  9    Str: 22    XL:     4   Next: 88%
Magic:  3/3        EV: 10    Int:  4    God:    Trog [***...]
Gold:   198        SH:  0    Dex: 11    Spells: 3/3 levels left

rFire   . . .      SeeInvis .    o - +0 flail
rCold   . . .      Faith    .    (no shield)
rNeg    . . .      Spirit   .    l - +0 scale mail
rPois   .          Reflect  .    (helmet restricted)
rElec   .          Harm     .    k - +0 cloak
rCorr   .          Rampage  .    h - +0 pair of gloves
Will    ++...                    (no boots)
Stlth   ..........               (no amulet)
HPRegen 1.26/turn                (no ring)
MPRegen 0.08/turn                (no ring)

@: strong-willed, regenerating
A: horns 2, retaliatory headbutt
a: Renounce Religion, Berserk, Trog's Hand


You were on level 4 of the Dungeon.
You worshipped Trog.
Trog was most pleased with you.
You visited 1 branch of the dungeon, and saw 4 of its levels.

You collected 198 gold pieces.

Inventory:

Hand Weapons
 o - a +0 flail (weapon)
 s - a +0 broad axe
Missiles
 d - 5 boomerangs (quivered)
 n - 12 stones
Armour
 h - a +0 pair of gloves (worn)
 k - a +0 cloak (worn)
 l - a +0 scale mail (worn)
Wands
 i - a wand of polymorph (2)
Scrolls
 g - a scroll of amnesia {unknown}
 j - 3 scrolls of blinking {unknown}
 m - 2 scrolls of vulnerability {unknown}
 q - a scroll of fear {unknown}
 t - 2 scrolls of teleportation {unknown}
Potions
 c - 2 potions of heal wounds
 r - a potion of curing
 u - a potion of magic {unknown}
 v - a potion of flight {unknown}


   Skills:
 - Level 4.6 Fighting
 * Level 5.4 Maces & Flails
 + Level 3.3 Armour
 - Level 2.5 Dodging


You had 3 spell levels left.
You didn't know any spells.
Your spell library was empty.

Dungeon Overview and Level Annotations

Branches:
Dungeon (4/15)
 Temple: D:4-7

Altars:
Xom

Annotations:
D:3 1 runed translucent door, ma3's ghost, amateur OpTm


Innate Abilities, Weirdness & Mutations

You have a pair of horns on your head.
You reflexively headbutt those who attack you in melee.


Message History

The jackal bites you but does no damage.
You sock the jackal!
You kill the jackal!
Trog accepts your kill.
The jackal bites you but does no damage. x2
You sock the jackal!
You kill the jackal!
Trog accepts your kill.
The jackal bites you but does no damage.
You thump the jackal!
You kill the jackal!
Trog accepts your kill.
Found a stone staircase leading up.
t - 2 scrolls labelled MUMOUFFIYF (gained 1)
There is a stone staircase leading up here.
Found a stone staircase leading down.
A steam dragon comes into view.
Found a runed short sword.
Your skin crawls.
You feel strong-willed. The steam dragon bites you. The steam dragon claws you.
You hit the steam dragon but do no damage.
The steam dragon breathes steam at you. The ball of steam hits you!!
The steam dragon bites you but does no damage.
The steam dragon claws you but does no damage.
You hit the steam dragon.
You headbutt the steam dragon, but do no damage.
The steam dragon is lightly wounded.
The steam dragon bites you but does no damage.
The steam dragon barely misses you.
You closely miss the steam dragon. You headbutt the steam dragon.
The steam dragon is lightly wounded.
The steam dragon breathes steam at you. The ball of steam hits you!
* * * LOW HITPOINT WARNING * * *
You sock the steam dragon!
The steam dragon is moderately wounded.
You are engulfed in a cloud of scalding steam.
You die...

#### #.. #####.# .
...##.######### ..
.......<....... ...
....###.####### .... #.#.#
#.# .....
#.#.###.############......
#.#.....##....§§@D.......)
#.###........§§..###.####.
..# ######.#####.# # ###
#.# #.# #.# #.# #.#####.#
#.......# #>.###### #..#


You could see a steam dragon (catching breath).

Vanquished Creatures
  Terence (D:2)
  2 adders (D:2)
  3 worms
  2 dart slugs
  2 orcs (D:3)
  8 ball pythons
  7 endoplasms
  3 giant cockroaches (D:2)
  6 goblins
  6 hobgoblins
  3 jackals (D:4)
  5 quokkas
  7 bats
  5 frilled lizards
  3 kobolds
  2 rats
65 creatures vanquished.

Notes
Turn   | Place    | Note
-------+----------+-------------------------------------------
     0 | D:1      | ketsa the Minotaur Berserker began the quest for the Orb.
     0 | D:1      | Reached XP level 1. HP: 19/19 MP: 0/0
   378 | D:1      | Reached XP level 2. HP: 27/27 MP: 1/1
   703 | D:1      | Reached skill level 4 in Maces & Flails
  1240 | D:1      | Reached ** piety under Trog
  1241 | D:1      | Reached XP level 3. HP: 33/33 MP: 2/2
  1682 | D:2      | Found a shimmering altar of Xom.
  1919 | D:2      | Reached XP level 4. HP: 41/41 MP: 3/3
  2145 | D:3      | Noticed Terence
  2157 | D:2      | Killed Terence
  2158 | D:2      | Reached skill level 5 in Maces & Flails
  2389 | D:3      | Found a runed translucent door.
  2392 | D:3      | Noticed ma3's ghost (amateur OpTm)
  2568 | D:3      | Reached *** piety under Trog
  2828 | D:4      | Noticed a steam dragon
  2841 | D:4      | Engulfed by a steam dragon's steam

Illustrated notes

Levels and vault maps discovered:
D:1:      dpeg_arrival_orchard, layout_loops_ring, serial_co_window_serial,
          co_window_cross_1, co_window_of_opportunity_a, co_window_paths_a,
          co_window_of_opportunity_a, co_window_of_opportunity_a,
          co_window_cross_1, co_window_corner_b, co_window_unsneaky_path_b,
          co_window_broadway_a, co_window_4corner_b, co_window_sun,
          glass_columns_a, glass_columns_a, glass_columns_b
D:2:      layout_loops_ring, basic_altar, grunt_decor_fettered,
          minmay_misc_feat_five
D:3:      layout_rooms, ebering_ghost_sewer_d, minmay_cut_off, uniq_terence
D:4:      layout_loops_ring, kennysheep_doodads, uniq_crazy_yiuf_cottage

Skill      XL: |  1  2  3  4 |
---------------+-------------+-----
Fighting       | 4 |  4.6
Maces & Flails | 4 5 |  5.4
Armour         | 3 |  3.3
Dodging        | |  2.5

Action                   |  1- 3 |  4- 6 || total
-------------------------+-------+-------++-------
Melee: Mace              |    66 |    15 ||    81
       Headbutt          |    10 |    10 ||    20
       Punch             |     1 |       ||     1
       Flail             |       |    41 ||    41
Throw: Stone             |    13 |       ||    13
       Boomerang         |     6 |     9 ||    15
Invok: Berserk           |       |     1 ||     1
       Trog's Hand       |       |     1 ||     1
  Use: Scroll            |       |     3 ||     3
Armor: Animal skin       |    15 |       ||    15
       Scale mail        |     5 |    27 ||    32
Dodge: Dodged            |    27 |    31 ||    58

Table legend: (Time is in decaauts)
 A = Elapsed time spent in this place.
 B = Non-inter-level travel time spent in this place.
 C = Inter-level travel time spent in this place.
 D = Time resting spent in this place.
 E = Time spent auto-exploring this place.
 F = Levels seen in this place.
 G = Mean time per level.
                   A        B        C        D        E       F      G
               +--------+--------+--------+--------+--------+-----+--------+
         Total |   2880 |   2796 |     84 |    348 |   1769 |   4 |  720.0 |
       Dungeon |   2880 |   2796 |     84 |    348 |   1769 |   4 |  720.0 |
               +--------+--------+--------+--------+--------+-----+--------+

Top non-repeatable levels by time:
     D:1: 1375 daAuts
     D:2: 844 daAuts
     D:3: 502 daAuts
     D:4: 158 daAuts
